 Dungeon Crawl Stone Soup version 0.27.1-2-g3b301248ec (webtiles) character file.

Game seed: 11586131761293416397

117 Descartes the Charlatan (level 4, -5/21 HPs)
             Began as a Spriggan Artificer on Sept 24, 2021.
             Slain by an orc (7 damage)
             ... on level 3 of the Dungeon.
             The game lasted 00:04:08 (2623 turns).

Descartes the Charlatan (Spriggan Artificer)        Turns: 2623, Time: 00:04:09

Health: -5/21      AC:  2    Str:  9    XL:     4   Next: 71%
Magic:  7/7        EV: 18    Int: 12    God:
Gold:   65         SH:  0    Dex: 15    Spells: 6/6 levels left

rFire    . . .     SeeInvis +   g - +0 dagger
rCold    . . .     Faith    .   (shield restricted)
rNeg     . . .     Spirit   .   b - +0 robe
rPois    .         Reflect  .   (helmet restricted)
rElec    .         Harm     .   (no cloak)
rCorr    .         Rampage  .   (gloves unavailable)
Will     .....                  (boots unavailable)
Stlth    +++.......             (no amulet)
HPRegen  0.07/turn              (no ring)
MPRegen  0.10/turn              (no ring)

@: very quick
A: very small, no large weapons, unfitting armour, see invisible, speed 3
a: no special abilities


You were on level 3 of the Dungeon.
You visited 1 branch of the dungeon, and saw 3 of its levels.

You collected 65 gold pieces.

Inventory:

Hand Weapons
 a - a +0 club
 g - a +0 dagger (weapon)
Missiles
 i - 28 arrows
 j - 49 stones
 q - 19 bolts
Armour
 b - a +0 robe (worn)
Wands
 c - a wand of flame (10) (quivered)
 d - a wand of charming (15)
Scrolls
 f - 3 scrolls of identify {unknown}
 h - 2 scrolls of noise {unknown}
 k - a scroll of magic mapping {unknown}
 m - 3 scrolls of enchant armour {unknown}
 p - a scroll of fear {unknown}
 r - 2 scrolls of teleportation {unknown}
Potions
 l - 2 potions of curing {unknown}
 n - a potion of magic {unknown}
 o - a potion of flight {unknown}
Miscellaneous
 e - a piece from Xom's chessboard (15/15)


   Skills:
 - Level 0.7 Fighting
 + Level 1.1 Short Blades
 + Level 3.8 Dodging
 * Level 4.0 Stealth
 + Level 1.9 Spellcasting
 + Level 1.0 Earth Magic
 + Level 1.2 Poison Magic
 + Level 4.5 Evocations


You had 6 spell levels left.
You didn't know any spells.
Your spell library contained the following spells:

 Spells                   Type           Power      Damage    Failure   Level
 Sandblast                Erth           6%         2d5       19%         1
 Passwall                 Tmut/Erth      1%         N/A       34%         2
 Lee's Rapid Deconstruct  Erth           1%         3d5*      99%         5


Dungeon Overview and Level Annotations

Branches:
Dungeon (3/15)

Altars:


Innate Abilities, Weirdness & Mutations

You are very small and have problems with some larger weapons.
You are too small for most types of armour.
You have supernaturally acute eyesight. (SInv)
You cover ground extremely quickly. (Speed+++)


Message History

The orc shouts!
The orc priest looks encouraged for a moment.
The orc priest closely misses you.
You hit the orc priest but do no damage.
The orc priest barely misses you.
The orc shouts!
You hit the orc priest.
The orc priest is lightly wounded.
The orc priest completely misses you.
You hit the orc priest but do no damage.
The orc priest is lightly wounded.
The orc barely misses you. The orc priest misses you.
You hit the orc priest but do no damage.
The orc priest closely misses you. The orc hits you but does no damage.
You barely miss the orc priest.
The orc priest hits you with a +0 short sword!
The orc hits you from afar with a +0 trident.
You are too injured to fight recklessly!
You are too injured to fight recklessly!
You are too injured to fight recklessly!
You are too injured to fight recklessly!
You are too injured to fight recklessly!
You are too injured to fight recklessly!
Aiming: Throw Flame
Press: ? - help, Shift-Dir - straight line, f - orc priest
Aim: an orc priest, wielding a +0 short sword and wearing a +0 chain mail (81% to hit)
The puff of flame hits the orc priest.
The orc priest is lightly wounded.
The orc priest hits you with a +0 short sword.
The orc barely misses you.
Aiming: Throw Flame
Press: ? - help, Shift-Dir - straight line, f/p - orc priest
Aim: an orc priest, wielding a +0 short sword and wearing a +0 chain mail (lightly wounded, 81% to hit)
The puff of flame misses the orc priest.
An orc wizard comes into view. It is wielding a +0 dagger.
A ball python comes into view.
The orc priest hits you with a +0 short sword.
* * * LOW HITPOINT WARNING * * *
The orc hits you from afar with a +0 trident!
You die...

#.# #.#
##.## #.
#.###.###.#
#.# #.
#.........#
#.# #.
#####.#####
#+# #. #.#
#. ###.# #.
#...# ##
####...####
##
#...o@....+
+.
#.#.o.....#
## #
#..o#.#.#
#.o##.#.#
#.. .# #
#S# .# #.
##


You could see an orc priest, an orc wizard, 2 orcs and a ball python
(wandering).

Vanquished Creatures
  A bullfrog (D:3)
  Jessica (D:2)
  2 bats
  3 endoplasms (D:1)
  3 giant cockroaches
  4 hobgoblins
  2 jackals (D:1)
  2 quokkas
  4 frilled lizards
  2 goblins
  8 rats
32 creatures vanquished.

Vanquished Creatures (others)
  5 fungi (D:1)
  13 plants (D:1)
18 creatures vanquished.

Grand Total: 50 creatures vanquished

Notes
Turn   | Place    | Note
-------+----------+-------------------------------------------
     0 | D:1      | Descartes the Spriggan Artificer began the quest for the
                  | Orb.
     0 | D:1      | Reached XP level 1. HP: 9/9 MP: 2/2
    40 | D:1      | Found a faded altar of an unknown god.
   470 | D:1      | Reached XP level 2. HP: 1/14 MP: 3/3
  1516 | D:2      | Noticed Jessica
  1522 | D:2      | Killed Jessica
  1523 | D:2      | Reached skill level 1 in Spellcasting
  1523 | D:2      | Reached XP level 3. HP: 17/17 MP: 5/5
  2314 | D:3      | Noticed a bullfrog
  2318 | D:3      | Killed a bullfrog
  2319 | D:3      | Reached skill level 1 in Short Blades
  2319 | D:3      | Reached skill level 1 in Earth Magic
  2319 | D:3      | Reached skill level 1 in Poison Magic
  2319 | D:3      | Reached XP level 4. HP: 21/21 MP: 7/7
  2623 | D:3      | Slain by an orc

Illustrated notes

Levels and vault maps discovered:
D:1:      grunt_arrival_crossed_arrows, layout_loops_corners, serial_bayou,
          serial_bayou_lagoon_a, serial_bayou_pond_d, serial_bayou_pond_a,
          serial_bayou_crossing, serial_bayou_shore_a, serial_bayou_pond_b,
          shapermc_ecumenical_altar_mp_urbaneastern
D:2:      layout_basic, uniq_jessica
D:3:      layout_loops_corners, lemuel_blue_sif_altar, kennysheep_generic_room_9

Skill      XL: |  1  2  3  4 |
---------------+-------------+-----
Stealth        | 2 3 4 |  4.0
Spellcasting   | 1 |  1.9
Short Blades   | 1 |  1.1
Earth Magic    | 1 |  1.0
Poison Magic   | 1 |  1.2
Fighting       | |  0.7
Dodging        | |  3.8
Evocations     | |  4.5

Action                   |  1- 3 |  4- 6 || total
-------------------------+-------+-------++-------
Melee: Dagger            |   161 |    27 ||   188
Evoke: Wand              |     3 |     2 ||     5
 Stab: Sleeping          |     7 |     1 ||     8
       Distracted        |     2 |       ||     2
Armor: Robe              |    15 |     2 ||    17
Dodge: Dodged            |   128 |    23 ||   151
